PL
PHOENIX HOTSPUR @ CHICAGO GOLD SOX
08/25/2030
 
TOP OF THE 1ST
Phoenix Hotspur batting - Pitching for Chicago Gold Sox : RHP Shuntavyious Primes-Willes
Pitching: RHP Shuntavyious Primes-Willes
Batting: RHB Roland Deschain 0-0: Called Strike
0-1: Swinging Strike
0-2: Foul Ball, location: 2F
0-2: Strikes out swinging
Batting: LHB Wagaw Lukongolo 0-0: Foul Ball, location: 2F
0-1: Ball
1-1: Ball
2-1: Swinging Strike
2-2: DOUBLE (Groundball, 5L)
Batting: LHB Shojiro Ueda 0-0: SINGLE (Flyball, 89M)
Wagaw Lukongolo to third
Batting: RHB Gabriel Pérez 0-0: Called Strike
0-1: Called Strike
0-2: Strikes out swinging
Batting: RHB John Downing 0-0: SINGLE (Line Drive, 78M)
Wagaw Lukongolo scores
Shojiro Ueda to second
Batting: RHB Kyle Bywaters 0-0: Swinging Strike
0-1: Foul Ball, location: 2F
0-2: Strikes out looking
Top of the 1st over - 1 run, 3 hits, 0 errors, 2 left on base; Phoenix 1 - Chicago 0
BOTTOM OF THE 1ST
Chicago Gold Sox batting - Pitching for Phoenix Hotspur : LHP Wes Hamm
Pitching: LHP Wes Hamm
Batting: LHB Stanley Belote 0-0: Fly out, F4 (Popup, 4M)
Batting: LHB Naohiro Sakai 0-0: Ball
1-0: Swinging Strike
1-1: Foul Ball, location: 2F
1-2: Ball
2-2: Strikes out looking
Batting: SHB Lupo Cotto 0-0: Ball
1-0: Ball
2-0: Called Strike
2-1: Ground out 6-3 (Groundball, 6)
Bottom of the 1st over - 0 runs, 0 hits, 0 errors, 0 left on base; Phoenix 1 - Chicago 0
TOP OF THE 2ND
Phoenix Hotspur batting - Pitching for Chicago Gold Sox : RHP Shuntavyious Primes-Willes
Batting: RHB Randy Rehling 0-0: Called Strike
0-1: Foul Ball, location: 2F
0-2: Strikes out looking
Batting: RHB Pierre Bernard 0-0: Swinging Strike
0-1: Ball
1-1: Fly out, F8 (Flyball, 8RS)
Batting: RHB Alex Niemann 0-0: Ball
1-0: Ball
2-0: Fly out, F7 (Line Drive, 7S)
Top of the 2nd over - 0 runs, 0 hits, 0 errors, 0 left on base; Phoenix 1 - Chicago 0
BOTTOM OF THE 2ND
Chicago Gold Sox batting - Pitching for Phoenix Hotspur : LHP Wes Hamm
Batting: LHB Eddie Flynn 0-0: Ball
1-0: Foul Ball, location: 2F
1-1: Fly out, F9 (Flyball, 89D)
Batting: RHB Hirohisa Ogasawara 0-0: Foul Ball, location: 2F
0-1: Ball
1-1: Ground out 6-3 (Groundball, 6M)
Batting: LHB Sergio Rodríguez 0-0: Ball
1-0: Called Strike
1-1: Swinging Strike
1-2: Foul Ball, location: 2F
1-2: Ball
2-2: Strikes out looking
Bottom of the 2nd over - 0 runs, 0 hits, 0 errors, 0 left on base; Phoenix 1 - Chicago 0
TOP OF THE 3RD
Phoenix Hotspur batting - Pitching for Chicago Gold Sox : RHP Shuntavyious Primes-Willes
Batting: RHB Roland Deschain 0-0: Ball
1-0: SINGLE (Groundball, 56) (infield hit)
Batting: LHB Wagaw Lukongolo 0-0: Ball
1-0: Ball
2-0: Foul Ball, location: 2F
2-1: SINGLE (Line Drive, 6M)
Roland Deschain to second
Batting: LHB Shojiro Ueda 0-0: Called Strike
0-1: Foul Ball, location: 2F
0-2: Ball
1-2: Foul Ball, location: 2F
1-2: Fielders Choice at 2nd, 6-4 (Groundball, 6)
Roland Deschain to third
Batting: RHB Gabriel Pérez 0-0: Ball
1-0: Ball
2-0: SINGLE (Groundball, 56D)
Roland Deschain scores
Shojiro Ueda to second
Batting: RHB John Downing 0-0: Ball
1-0: Foul Ball, location: 2F
1-1: Ball
2-1: SINGLE (Line Drive, 7S)
Shojiro Ueda to third
Gabriel Pérez to second
Batting: RHB Kyle Bywaters 0-0: Ball
1-0: Grounds into double play, 6-4-3 (Groundball, 6)
Top of the 3rd over - 1 run, 4 hits, 0 errors, 2 left on base; Phoenix 2 - Chicago 0
BOTTOM OF THE 3RD
Chicago Gold Sox batting - Pitching for Phoenix Hotspur : LHP Wes Hamm
Batting: SHB Alex Mable 0-0: Called Strike
0-1: Foul Ball, location: 2F
0-2: Foul Ball, location: 2F
0-2: Strikes out swinging
Batting: RHB Zeus Preckwinkle 0-0: Ball
1-0: Fly out, F4 (Flyball, 4D)
Batting: LHB Arthur Ryan 0-0: Ball
1-0: Called Strike
1-1: SINGLE (Groundball, 56D)
Batting: LHB Stanley Belote 0-0: Ball
1-0: Foul Ball, location: 2F
1-1: Ball
2-1: Ball
3-1: Called Strike
3-2: Foul Ball, location: 2F
3-2: SINGLE (Line Drive, 89S)
Arthur Ryan to second
Arthur Ryan to third
Batting: LHB Naohiro Sakai 0-0: Foul Ball, location: 2F
0-1: Foul Ball, location: 2F
0-2: Ball
1-2: Ground out 4-3 (Groundball, 4)
Bottom of the 3rd over - 0 runs, 2 hits, 0 errors, 2 left on base; Phoenix 2 - Chicago 0
TOP OF THE 4TH
Phoenix Hotspur batting - Pitching for Chicago Gold Sox : RHP Shuntavyious Primes-Willes
Batting: RHB Randy Rehling 0-0: Fly out, F9 (Flyball, 89S)
Batting: RHB Pierre Bernard 0-0: Called Strike
0-1: Ball
1-1: Ball
2-1: Foul Ball, location: 2F
2-2: Foul Ball, location: 2F
2-2: Ground out 4-3 (Groundball, 4)
Batting: RHB Alex Niemann 0-0: Called Strike
0-1: Ball
1-1: Foul Ball, location: 2F
1-2: Strikes out swinging
Top of the 4th over - 0 runs, 0 hits, 0 errors, 0 left on base; Phoenix 2 - Chicago 0
BOTTOM OF THE 4TH
Chicago Gold Sox batting - Pitching for Phoenix Hotspur : LHP Wes Hamm
Batting: SHB Lupo Cotto 0-0: Fly out, F7 (Flyball, 7S)
Batting: LHB Eddie Flynn 0-0: Ball
1-0: Ball
2-0: Foul Ball, location: 2F
2-1: Foul Ball, location: 2F
2-2: Fly out, F6 (Popup, 6S)
Batting: RHB Hirohisa Ogasawara 0-0: Ball
1-0: Ground out 6-3 (Groundball, 6)
Bottom of the 4th over - 0 runs, 0 hits, 0 errors, 0 left on base; Phoenix 2 - Chicago 0
TOP OF THE 5TH
Phoenix Hotspur batting - Pitching for Chicago Gold Sox : RHP Shuntavyious Primes-Willes
Batting: RHB Roland Deschain 0-0: Ball
1-0: Fly out, F6 (Line Drive, 6M)
Batting: LHB Wagaw Lukongolo 0-0: Called Strike
0-1: Called Strike
0-2: Foul Ball, location: 2F
0-2: Ground out U3 (Groundball, 3)
Batting: LHB Shojiro Ueda 0-0: Ball
1-0: Fly out, F8 (Flyball, 8LM)
Top of the 5th over - 0 runs, 0 hits, 0 errors, 0 left on base; Phoenix 2 - Chicago 0
BOTTOM OF THE 5TH
Chicago Gold Sox batting - Pitching for Phoenix Hotspur : LHP Wes Hamm
Batting: LHB Sergio Rodríguez 0-0: Foul Ball, location: 2F
0-1: Foul Ball, location: 2F
0-2: Strikes out swinging
Batting: SHB Alex Mable 0-0: Foul Ball, location: 2F
0-1: Called Strike
0-2: Strikes out swinging
Batting: RHB Zeus Preckwinkle 0-0: Ball
1-0: Foul Ball, location: 2F
1-1: Ball
2-1: Ground out 4-3 (Groundball, 34)
Bottom of the 5th over - 0 runs, 0 hits, 0 errors, 0 left on base; Phoenix 2 - Chicago 0
TOP OF THE 6TH
Phoenix Hotspur batting - Pitching for Chicago Gold Sox : RHP Shuntavyious Primes-Willes
Batting: RHB Gabriel Pérez 0-0: Ball
1-0: Foul Ball, location: 2F
1-1: Foul Ball, location: 2F
1-2: Foul Ball, location: 2F
1-2: Fly out, F7 (Flyball, 7S)
Batting: RHB John Downing 0-0: Ball
1-0: Fly out, F6 (Popup, 6D)
Batting: RHB Kyle Bywaters 0-0: Ball
1-0: Ball
2-0: Ball
3-0: Called Strike
3-1: Reached via error on a dropped throw, E3
Batting: RHB Randy Rehling 0-0: Ball
1-0: Called Strike
1-1: Ball
2-1: Swinging Strike
2-2: Foul Ball, location: 2F
2-2: Ground out 6-3 (Groundball, 6S)
Top of the 6th over - 0 runs, 0 hits, 1 error, 1 left on base; Phoenix 2 - Chicago 0
BOTTOM OF THE 6TH
Chicago Gold Sox batting - Pitching for Phoenix Hotspur : LHP Wes Hamm
Batting: LHB Arthur Ryan 0-0: Swinging Strike
0-1: Swinging Strike
0-2: Ball
1-2: Ball
2-2: Strikes out swinging
Batting: LHB Stanley Belote 0-0: Ball
1-0: TRIPLE (Flyball, 8RXD)
Batting: LHB Naohiro Sakai 0-0: Ball
1-0: Foul Ball, location: 2F
1-1: Ball
2-1: Foul Ball, location: 2F
2-2: Ball
3-2: Strikes out swinging
Batting: SHB Lupo Cotto 0-0: Swinging Strike
0-1: Ball
1-1: Called Strike
1-2: Ball
2-2: Ball
3-2: Strikes out swinging
Bottom of the 6th over - 0 runs, 1 hit, 0 errors, 1 left on base; Phoenix 2 - Chicago 0
TOP OF THE 7TH
Phoenix Hotspur batting - Pitching for Chicago Gold Sox : RHP Shuntavyious Primes-Willes
Batting: RHB Pierre Bernard 0-0: Ground out 5-3 (Groundball, 5)
Batting: RHB Alex Niemann 0-0: Called Strike
0-1: Ball
1-1: Swinging Strike
1-2: Foul Ball, location: 2F
1-2: DOUBLE (Groundball, 5L)
Batting: RHB Roland Deschain 0-0: Called Strike
0-1: Swinging Strike
0-2: Ball
1-2: Ball
2-2: Ball
3-2: Fly out, F7 (Flyball, 7LM)
Batting: LHB Wagaw Lukongolo 0-0: Ball
1-0: Called Strike
1-1: SINGLE (Groundball, 34D)
Alex Niemann to third
Runner from 3rd tries for Home, SAFE, no throw
Batting: LHB Shojiro Ueda 0-0: Ball
Wagaw Lukongolo is caught stealing 2nd base
Top of the 7th over - 1 run, 2 hits, 0 errors, 0 left on base; Phoenix 3 - Chicago 0
BOTTOM OF THE 7TH
Chicago Gold Sox batting - Pitching for Phoenix Hotspur : LHP Wes Hamm
Batting: LHB Eddie Flynn 0-0: Called Strike
0-1: Foul Ball, location: 2F
0-2: Ball
1-2: Strikes out swinging passed ball, reaches first!
Batting: RHB Hirohisa Ogasawara 0-0: Ball
1-0: Swinging Strike
1-1: Swinging Strike
1-2: Foul Ball, location: 2F
1-2: Fly out, F5 (Line Drive, 5)
Batting: LHB Sergio Rodríguez 0-0: Ball
1-0: Swinging Strike
1-1: Ball
2-1: Ground out 3-1 (Groundball, 34S)
Eddie Flynn to second
Batting: SHB Alex Mable 0-0: Foul Ball, location: 2F
0-1: Ball
1-1: Ground out 6-3 (Groundball, 6)
Bottom of the 7th over - 0 runs, 0 hits, 0 errors, 1 left on base; Phoenix 3 - Chicago 0
TOP OF THE 8TH
Phoenix Hotspur batting - Pitching for Chicago Gold Sox : RHP Shuntavyious Primes-Willes
Batting: LHB Shojiro Ueda 0-0: Called Strike
0-1: Ball
1-1: Ball
2-1: Ball
3-1: Base on Balls
Batting: RHB Gabriel Pérez 0-0: Called Strike
0-1: Called Strike
0-2: Ball
1-2: Ball
2-2: Foul Ball, location: 2F
2-2: Fly out, F7 (Flyball, 78M)
Pitching: RHP Rafael García
Batting: RHB John Downing 0-0: Called Strike
0-1: Ball
1-1: Foul Ball, location: 2F
1-2: Strikes out swinging
Batting: RHB Kyle Bywaters 0-0: Called Strike
Shojiro Ueda is caught stealing 2nd base
Top of the 8th over - 0 runs, 0 hits, 0 errors, 0 left on base; Phoenix 3 - Chicago 0
BOTTOM OF THE 8TH
Chicago Gold Sox batting - Pitching for Phoenix Hotspur : LHP Wes Hamm
Batting: RHB Zeus Preckwinkle 0-0: Called Strike
0-1: Ball
1-1: Ball
2-1: Fly out, F4 (Popup, 34)
Batting: LHB Arthur Ryan 0-0: Ground out 6-3 (Groundball, 6M)
Batting: LHB Stanley Belote 0-0: Called Strike
0-1: Ball
1-1: Ground out 4-3 (Groundball, 4)
Bottom of the 8th over - 0 runs, 0 hits, 0 errors, 0 left on base; Phoenix 3 - Chicago 0
TOP OF THE 9TH
Phoenix Hotspur batting - Pitching for Chicago Gold Sox : RHP Rafael García
Pitching: RHP Bruce Wright
Batting: RHB Kyle Bywaters 0-0: Fly out, F7 (Line Drive, 78M)
Batting: RHB Randy Rehling 0-0: Ball
1-0: Ball
2-0: Ball
3-0: Ground out 6-3 (Groundball, 6M)
Batting: RHB Pierre Bernard 0-0: Ball
1-0: Called Strike
1-1: Ball
2-1: Foul Ball, location: 2F
2-2: Strikes out swinging
Top of the 9th over - 0 runs, 0 hits, 0 errors, 0 left on base; Phoenix 3 - Chicago 0
BOTTOM OF THE 9TH
Chicago Gold Sox batting - Pitching for Phoenix Hotspur : LHP Wes Hamm
Batting: LHB Naohiro Sakai 0-0: Ball
1-0: Ball
2-0: Single, Error in OF, E8, batter to second base
Pitching: RHP Santiago Alonza
Batting: SHB Lupo Cotto 0-0: Called Strike
0-1: Ball
1-1: Foul Ball, location: 2F
1-2: Ball
2-2: Ball
3-2: Foul Ball, location: 2F
3-2: Ground out 4-3 (Groundball, 4)
Naohiro Sakai to third
Batting: LHB Eddie Flynn 0-0: Called Strike
0-1: Foul Ball, location: 2F
0-2: Strikes out swinging
Batting: RHB Hirohisa Ogasawara 0-0: Called Strike
0-1: Foul Ball, location: 2F
0-2: Ball
1-2: Foul Ball, location: 2F
1-2: Ground out 4-3 (Groundball, 4)
Bottom of the 9th over - 0 runs, 1 hit, 1 error, 1 left on base; Phoenix 3 - Chicago 0
Sunday, March 18th, 2018 - OOTP Baseball 18.8 Build 76